 Dungeon Crawl Stone Soup version 0.32-a0-975-g85d4e5bfdb (webtiles) character file.

Game seed: 15029741777936375642

9760 retardedninja the Cleaver (level 11, -4/104 (105) HPs)
             Began as a Mountain Dwarf Fighter on Apr 18, 2024.
             Was a High Priest of Cheibriados.
             Slain by a centaur warrior
             ... wielding a +2 short sword of freezing
              (9 damage)
             ... on level 9 of the Dungeon.
             The game lasted 00:16:39 (10711 turns).

retardedninja the Cleaver (Mountain Dwarf Fighter) Turns: 10711, Time: 00:16:39

HP:   -4/104 (105)  AC: 20    Str: 36    XL:     11   Next: 27%
MP:   12/12         EV:  7    Int: 27    God:    Cheibriados [*****.]
Gold: 690           SH:  6    Dex: 19    Spells: 11/11 levels left

rFire   + + +        a - +2 war axe
rCold   + . .        c - +0 buckler
rNeg    . . .        k - +0 plate armour
rPois   +            (helmet restricted)
rElec   +            b - +2 cloak
rCorr   +            (no gloves)
SInv    .            j - +2 pair of boots
Will    ++...        g - amulet of the acrobat Stlth
                     r - +6 ring of intelligence
HPRegen 0.37/turn    u - ring of protection from fire
MPRegen 0.13/turn

%: acrobat
@: brilliant, resistant, enlightened, flying, lightly drained, very slow
A: runic magic, artefact enchanting, horns 1, fire resistance 1, strong 1
a: Renounce Religion, Bend Time, Temporal Distortion, Slouch, Step From Time


You were on level 9 of the Dungeon.
You worshipped Cheibriados.
Cheibriados was extremely pleased with you.
You visited 2 branches of the dungeon, and saw 10 of its levels.

You collected 690 gold pieces.

Inventory:

Hand Weapons
 a - a +2 war axe (weapon)
Missiles
 v - 5 throwing nets (quivered)
Armour
 b - a +2 cloak (worn)
 c - a +0 buckler (worn)
 j - a +2 pair of boots (worn)
 k - a +0 plate armour (worn)
Jewellery
 g - an amulet of the acrobat (around neck)
 r - a +6 ring of intelligence (left hand)
 t - a +4 ring of protection
 u - a ring of protection from fire (right hand)
 B - a ring of willpower
 E - a +6 ring of dexterity
Wands
 o - a wand of polymorph (8)
 s - a wand of flame (22)
 D - a wand of warping (4)
 G - a wand of paralysis (1)
Scrolls
 e - a scroll of fog
 x - a scroll of blinking {unknown}
Potions
 h - 2 potions of attraction
 q - 2 potions of cancellation
 A - a potion of curing


   Skills:
 + Level 12.7 Fighting
 + Level 13.5 Axes
 + Level 7.7 Armour
 + Level 7.8 Shields
 - Level 0.9 Spellcasting


You had 11 spell levels left.
You didn't know any spells.
Your spell library was empty.

Dungeon Overview and Level Annotations

Branches:
Dungeon (9/15)             Temple (1/1) D:4
   Lair: D:8-11         Orc: D:9-12

Altars:
Ashenzari
Cheibriados
Dithmenos
Elyvilon
Fedhas
Gozag
Hepliaklqana
Kikubaaqudgha
Makhleb
Nemelex Xobeh
Okawaru
Qazlal
Ru
Sif Muna
Uskayaw
Vehumet
Xom
Yredelemnul
Zin
The Shining One

Shops:
D:7 (

Annotations:
D:8 1 transporter


Innate Abilities, Weirdness & Mutations

Your spellcasting is much less encumbered by armour.
You can use scrolls of enchantment on lesser artefacts.
You have a pair of small horns on your head.
Your flesh is heat resistant. (rF+)
Your muscles are strong. (Str +4, Int/Dex -1)


Message History

You block the centaur warrior's attack.
The centaur warrior hits you but does no damage.
You block the centaur warrior's attack.
The orc warrior hits you but does no damage.
It was a potion of enlightenment.
You feel very buoyant.
You fly up into the air.
The centaur warrior hits you but does no damage.
The centaur warrior kicks you but does no damage.
The centaur warrior hits you but does no damage.
The centaur warrior kicks you.
* * * LOW HITPOINT WARNING * * *
The centaur warrior hits you with a +2 short sword of freezing.
* * * LOW HITPOINT WARNING * * *
The centaur warrior kicks you but does no damage.
The orc warrior hits you but does no damage.
The centaur warrior hits you but does no damage.
The centaur warrior closely misses you.
As you read the scroll labelled WOMAUCRU ZOVI, it crumbles to dust.
It is a scroll of amnesia.
You feel forgetful for a moment.
The centaur warrior hits you with a +2 short sword of freezing.
* * * LOW HITPOINT WARNING * * *
The centaur warrior barely misses you. The centaur warrior hits you!
* * * LOW HITPOINT WARNING * * *
The centaur warrior kicks you but does no damage.
The orc warrior hits you from afar with a +0 halberd.
* * * LOW HITPOINT WARNING * * *
As you read the scroll labelled KOANWE VIJUONI, it crumbles to dust.
The creatures around you are filled with an inner flame!
It was a scroll of immolation.
Flame seeps out of the centaur warrior.
The centaur warrior hits you with a +2 short sword of freezing.
* * * LOW HITPOINT WARNING * * *
You block the centaur warrior's attack. The centaur warrior barely misses you.
The centaur warrior kicks you but does no damage.
The centaur warrior is engulfed in blazing flames.
Flame seeps out of the centaur warrior.
The centaur warrior hits you with a +2 short sword of freezing!
You die...
Cheibriados appreciates the motionlessness of death.

....#§#
##≈≈≈≈#####§#§.......##
....#≈##
####≈≈≈≈####§.......#
....##≈# ####≈ #≈...#...#
#....#≈## ####≈§§≈
###≈....)###
##.(.##≈###≈≈§≈####≈##≈§....#
≈#....#≈§≈≈≈####....##≈...###
≈##..≈#######(.)..#.##≈...#
#≈#..§..##(§...)....###≈..#
#≈##.........#.)@c.(#≈#≈..#
##≈#≈..(#.......#c#+#≈#§..#
#§#≈..##..#.####coI#≈#≈..#
.#####....####..○°.≈# #≈..#
....#######.......####≈...#
..⌠)..##.#c.......#§##≈...#
#..)).....c......##§##≈...#
###.......##c....#≈##
####.....#....##§#


You could see 3 centaur warriors and an orc warrior (inner flame).

Vanquished Creatures
  A centaur warrior (D:9)
  2 vampires (D:9)
  4 fire bats (D:9)
  A wyvern (D:9)
  5 yaks (D:9)
  A steam dragon (D:6)
  3 vampire mosquitoes (D:8)
  A water moccasin (D:7)
  An ice beast (D:6)
  3 orc warriors
  A sky beast (D:6)
  A black bear (D:5)
  2 ogres
  7 centaurs
  2 kobold brigands
  A bullfrog (D:6)
  2 scorpions (D:5)
  3 gnoll sergeants
  10 wights
  9 killer bees
  2 howler monkeys
  3 bombardier beetles
  4 orc priests
  A sleepcap (D:4)
  A gnoll bouda (D:4)
  5 iguanas
  5 orc wizards
  Robin (D:2)
  18 gnolls
  14 adders
  2 shadow imps
  A white imp (D:6)
  A ribbon worm (D:2)
  3 dart slugs
  34 orcs
  3 ball pythons
  6 bats
  4 giant cockroaches
  13 goblins
  5 hobgoblins
  6 jackals
  2 quokkas (D:3)
  5 frilled lizards
  13 kobolds
  4 rats
216 creatures vanquished.

Vanquished Creatures (others)
  An orc wizard (D:3)
1 creature vanquished.

Grand Total: 217 creatures vanquished

Notes
Turn   | Place    | Note
-------+----------+-------------------------------------------
     0 | D:1      | retardedninja the Mountain Dwarf Fighter began the quest
                  | for the Orb.
     0 | D:1      | Reached XP level 1. HP: 19/19 MP: 1/1
   118 | D:1      | Reached XP level 2. HP: 24/26 MP: 2/2
   338 | D:1      | Reached skill level 3 in Axes
   692 | D:2      | Found a glowing golden altar of the Shining One.
   725 | D:2      | You fall into a shaft and drop 2 floors!
   727 | D:4      | Identified the +3 whip of Noxious Judgement {vamp, *Slow
                  | rCorr Int+3 Dex+3}
   733 | D:4      | Noticed a bombardier beetle
   828 | D:3      | Reached XP level 3. HP: 29/33 MP: 3/3
  1040 | D:2      | Reached XP level 4. HP: 35/40 MP: 4/4
  1125 | D:2      | Noticed Robin
  1130 | D:2      | Killed Robin
  1297 | D:2      | Reached skill level 4 in Axes
  1773 | D:2      | Reached XP level 5. HP: 47/47 MP: 5/5
  1999 | D:3      | Found a faded altar of an unknown god.
  2689 | D:3      | Reached skill level 5 in Fighting
  2809 | D:3      | Reached XP level 6. HP: 56/56 MP: 6/6
  3168 | D:4      | Found a staircase to the Ecumenical Temple.
  3193 | Temple   | Entered the Ecumenical Temple
  3204 | Temple   | Became a worshipper of Cheibriados the Contemplative
  3223 | D:4      | Reached skill level 5 in Axes
  3815 | D:4      | Found a stormy altar of Qazlal.
  3818 | D:4      | Found a glowing golden altar of the Shining One.
  3821 | D:4      | Found an opulent altar of Gozag.
  3864 | D:5      | Entered Level 5 of the Dungeon
  3977 | D:4      | Gained mutation: Armour fits poorly on your strangely
                  | shaped body. [potion of mutation]
  3977 | D:4      | Gained mutation: You are partially covered in iridescent
                  | scales. (AC +2) [potion of mutation]
  3977 | D:4      | Gained mutation: You are agile. (Dex +4, Str/Int -1)
                  | [potion of mutation]
  4224 | D:4      | Lost mutation: You are agile. (Dex +4, Str/Int -1) [potion
                  | of mutation]
  4224 | D:4      | Lost mutation: You are partially covered in iridescent
                  | scales. (AC +2) [potion of mutation]
  4224 | D:4      | Lost mutation: Armour fits poorly on your strangely shaped
                  | body. [potion of mutation]
  4224 | D:4      | Gained mutation: You have a pair of small horns on your
                  | head. [potion of mutation]
  4224 | D:4      | Gained mutation: Your flesh is heat resistant. (rF+)
                  | [potion of mutation]
  4224 | D:4      | Gained mutation: Your muscles are strong. (Str +4, Int/Dex
                  | -1) [potion of mutation]
  4237 | D:4      | Reached XP level 7. HP: 59/62 MP: 7/7
  4246 | D:5      | Reached * piety under Cheibriados
  4399 | D:5      | Found a hide-covered altar of Uskayaw.
  4430 | D:5      | Reached skill level 6 in Axes
  4466 | D:5      | Reached skill level 5 in Shields
  4539 | D:5      | Reached skill level 5 in Armour
  4957 | D:6      | Noticed a steam dragon
  5220 | D:5      | Reached XP level 8. HP: 50/65 MP: 8/8
  5484 | D:5      | Reached skill level 7 in Axes
  6353 | D:6      | Reached ** piety under Cheibriados
  6604 | D:6      | Reached skill level 8 in Axes
  7458 | D:7      | Found a blossoming altar of Fedhas.
  7523 | D:7      | Reached XP level 9. HP: 44/81 MP: 9/9
  7755 | D:7      | Identified the +1 quarterstaff "Qatwiew" {spect, +Blink
                  | Int+3 Dex+4}
  7775 | D:7      | Found Mioguz's Weapon Emporium.
  7801 | D:7      | Reached *** piety under Cheibriados
  8350 | D:8      | Reached skill level 9 in Axes
  8408 | D:8      | Found a transporter.
  9171 | D:8      | Reached **** piety under Cheibriados
  9337 | D:8      | Found a broken altar of Ashenzari.
  9414 | D:8      | Reached skill level 13 in Axes
  9414 | D:8      | Reached XP level 10. HP: 97/97 MP: 10/10
  9473 | D:9      | Found a radiant altar of Vehumet.
  9493 | D:9      | Found a shimmering blue altar of Sif Muna.
  9513 | D:9      | Found a glowing silver altar of Zin.
 10075 | D:9      | Reached XP level 11. HP: 101/105 MP: 12/12
 10441 | D:9      | Reached ***** piety under Cheibriados
 10669 | D:9      | Noticed a centaur warrior
 10675 | D:9      | Killed a centaur warrior
 10675 | D:9      | Noticed a centaur warrior
 10676 | D:9      | Noticed a centaur warrior
 10676 | D:9      | Noticed a centaur warrior
 10711 | D:9      | HP: 5/104 [centaur warrior/+2 short sword of freezing (1)]
 10711 | D:9      | Slain by a centaur warrior

Illustrated notes

Levels and vault maps discovered:
D:1:      heliophobic_arrival_dark_side_of_the_moon, layout_loops_ring
D:2:      minmay_door_path, layout_basic, basic_altar, uniq_robin
D:3:      minmay_spotlight, layout_loops_corners,
          nicolae_overflow_hidden_temple, basic_ecumenical_altar,
          hangedman_glass_teeth, kennysheep_generic_room_2
D:4:      layout_loops_ring, grunt_temple_overflow_diamond,
          minmay_temple_entry_wispy
D:5:      layout_basic, mainiacjoe_overflow_small_starburst
D:6:      layout_basic
D:7:      layout_loops_ring, fedhas_altar_2, serial_shops, nicolae_shop_crystal
D:8:      nicolae_cairo_tiling, layout_basic, mainiacjoe_overflow_boulevard,
          abandoned_shop, nicolae_diode_basic
D:9:      regret_index_infernal_bastille, layout_cave_pools,
          mainiacjoe_overflow_alcove_4, nicolae_sif_muna_little_library,
          mainiacjoe_overflow_catch_the_wave, enter_bailey_3
Temple:   jpeg_temple_clearing

Skill      XL: |  1  2  3  4  5  6  7  8  9 10 |
---------------+-------------------------------+-----
Axes           | 3 4 5 6 8 13 | 13.5
Fighting       | 4 5 6 8 12 | 12.7
Shields        | 4 5 6 7 |  7.8
Armour         | 4 5 6 7 |  7.7
Spellcasting   | |  0.9

Action                     |  1- 3 |  4- 6 |  7- 9 | 10-12 || total
---------------------------+-------+-------+-------+-------++-------
  Melee: War axe           |    58 |   238 |   263 |   106 ||   665
         Headbutt          |       |     2 |    55 |    17 ||    74
  Evoke: Wand              |       |       |       |     1 ||     1
    Use: Potion            |     1 |     3 |     4 |     5 ||    13
         Scroll            |       |       |     8 |    16 ||    24
   Stab: Invisible         |       |       |     3 |       ||     3
 Armour: Scale mail        |    52 |   167 |    93 |       ||   312
         Chain mail        |       |       |   115 |    56 ||   171
         Plate armour      |       |       |       |   100 ||   100
  Dodge: Dodged            |    35 |   129 |   159 |   125 ||   448
  Block: Buckler           |    14 |    54 |    82 |    69 ||   219
         Form:             |       |       |     1 |       ||     1
         Storm             |       |       |     1 |       ||     1

Table legend: (Time is in decaauts)
 A = Elapsed time spent in this place.
 B = Non-inter-level travel time spent in this place.
 C = Inter-level travel time spent in this place.
 D = Time resting spent in this place.
 E = Time spent auto-exploring this place.
 F = Levels seen in this place.
 G = Mean time per level.
                   A        B        C        D        E       F      G
               +--------+--------+--------+--------+--------+-----+--------+
         Total |  12927 |  12148 |    779 |   2179 |   7968 |  10 | 1292.7 |
       Dungeon |  12901 |  12145 |    756 |   2179 |   7968 |   9 | 1433.4 |
        Temple |     25 |      3 |     22 |      0 |      0 |   1 |   25.0 |
               +--------+--------+--------+--------+--------+-----+--------+

Top non-repeatable levels by time:
     D:5: 2388 daAuts
     D:8: 1922 daAuts
     D:7: 1556 daAuts
     D:6: 1480 daAuts
     D:3: 1434 daAuts
     D:4: 1236 daAuts
     D:9: 1147 daAuts
     D:2: 1039 daAuts
     D:1: 697 daAuts
  Temple: 25 daAuts
